[ AOE2 MATCH · #478258709 ]
UnrankedBohemians vs Celts
[ REPLAY ANALYSIS · EXTRACTED FROM THE RECORDED GAME ]
Feudal
11:16
Castle
15:02
Imperial
38:14
| APM avg | 33.2 |
| APM peak | 60 |
| eAPM avg | 15.2 |
| Villagers / military | 86 / 183 |
Focus
⚔️ 44.8% · 🌾 55.2%
Spearman ×84 · Hand Cannoneer ×66 · Hussite Wagon ×25 · Bombard Cannon ×6 · Monk ×2
Feudal
10:47
Castle
14:29
Imperial
36:55
| APM avg | 45.6 |
| APM peak | 95 |
| eAPM avg | 28.6 |
| Villagers / military | 122 / 120 |
Focus
⚔️ 25.8% · 🌾 74.2%
Scorpion ×102 · Mangonel ×13 · Trade Cart ×6 · Battering Ram ×3 · Monk ×2
Feudal
10:05
Castle
16:53
Imperial
34:19
| APM avg | 25.1 |
| APM peak | 55 |
| eAPM avg | 15.0 |
| Villagers / military | 91 / 109 |
Focus
⚔️ 35.2% · 🌾 64.8%
Shrivamsha Rider ×65 · Camel Scout ×25 · Armored Elephant ×10 · Scorpion ×3 · Trebuchet (Packed) ×3 · Chakram Thrower ×2
Feudal
10:51
Castle
19:20
Imperial
34:11
| APM avg | 45.2 |
| APM peak | 98 |
| eAPM avg | 20.1 |
| Villagers / military | 100 / 145 |
Focus
⚔️ 26.6% · 🌾 73.4%
Knight ×84 · Teutonic Knight ×54 · Trebuchet (Packed) ×6 · Scout Cavalry ×1
Match map
Initial resources + every placement click. Lines = walls · curves = elevation contours. ◆ gold · ⬟ stone · ● berries · ✦ relic · ◌ wall gap
Your base· ✓ Closed at 15:02 · 0t walls · 2 gate(s)
Bot LarryS's base· ✓ Closed at 14:29 · 0t walls · 3 gate(s)
frederic11's base· ✓ Closed at 16:53 · 0t walls · 3 gate(s)
Bottm's base· ✓ Closed at 19:20 · 0t walls · 3 gate(s)
Smoothed initial terrain · ◌ = detected wall gap · hover for details
Inputs per minute
— l'entourloupe - - Bot LarryS
Build order — l'entourloupe
First 150 of 411 actions detected
| 0:01 | Create | Villager (Male) |
| 0:02 | Create | Villager (Male) |
| 0:04 | Build | House |
| 0:06 | Build | House |
| 1:00 | Create | Villager (Male) |
| 1:20 | Create | Villager (Male) |
| 1:39 | Create | Villager (Male) |
| 2:05 | Create | Villager (Male) |
| 2:21 | Build | Lumber Camp |
| 2:33 | Create | Villager (Male) |
| 3:05 | Create | Villager (Male) |
| 3:46 | Create | Villager (Male) |
| 4:08 | Build | House |
| 4:10 | Build | House |
| 4:20 | Create | Villager (Male) |
| 4:37 | Create | Villager (Male) |
| 4:52 | Create | Villager (Male) |
| 5:14 | Build | Mill |
| 5:18 | Create | Villager (Male) |
| 5:47 | Create | Villager (Male) |
| 6:36 | Create | Villager (Male) |
| 6:37 | Create | Villager (Male) |
| 6:55 | Create | Villager (Male) |
| 7:14 | Create | Villager (Male) |
| 7:53 | Create | Villager (Male) |
| 8:28 | Create | Villager (Male) |
| 8:38 | Build | Mining Camp |
| 8:50 | Research | Feudal Age |
| 9:12 | Build | Mining Camp |
| 10:23 | Create | Villager (Male) |
| 10:29 | Build | House |
| 11:15 | Create | Villager (Male) |
| 11:16 | Age | Feudal Age |
| 11:22 | Build | Market |
| 11:32 | Build | Blacksmith |
| 12:22 | Research | Castle Age |
| 12:50 | Research | Double-Bit Axe |
| 13:17 | Research | Loom |
| 13:18 | Create | Villager (Male) |
| 13:28 | Research | Horse Collar |
| 13:43 | Build | Farm |
| 13:46 | Build | Farm |
| 13:54 | Build | Farm |
| 14:10 | Build | Farm |
| 15:02 | Age | Castle Age |
| 15:45 | Build | Barracks |
| 15:49 | Create | Villager (Male) |
| 16:19 | Create | Spearman |
| 16:34 | Build | Castle |
| 16:41 | Build | Farm |
| 16:44 | Build | Farm |
| 16:56 | Research | Bow Saw |
| 17:06 | Create | Villager (Male) |
| 17:10 | Create | Villager (Male) |
| 17:42 | Create | Villager (Male) |
| 17:45 | Create | Hussite Wagon |
| 17:45 | Create | Hussite Wagon |
| 17:53 | Build | House |
| 17:55 | Build | House |
| 17:57 | Build | House |
| 18:07 | Create | Villager (Male) |
| 18:13 | Create | Hussite Wagon |
| 18:35 | Create | Villager (Male) |
| 18:41 | Build | Farm |
| 18:48 | Create | Villager (Male) |
| 18:49 | Create | Hussite Wagon |
| 19:29 | Create | Villager (Male) |
| 19:47 | Create | Villager (Male) |
| 19:54 | Build | Town Center |
| 20:03 | Create | Hussite Wagon |
| 20:22 | Create | Hussite Wagon |
| 20:36 | Build | House |
| 20:42 | Build | Monastery |
| 20:55 | Create | Villager (Male) |
| 20:58 | Create | Hussite Wagon |
| 21:22 | Create | Hussite Wagon |
| 21:35 | Create | Monk |
| 22:07 | Build | House |
| 22:08 | Build | House |
| 22:12 | Create | Hussite Wagon |
| 22:14 | Create | Hussite Wagon |
| 22:58 | Create | Villager (Male) |
| 22:58 | Create | Villager (Male) |
| 22:59 | Create | Villager (Male) |
| 22:59 | Create | Villager (Male) |
| 23:03 | Create | Hussite Wagon |
| 23:04 | Create | Hussite Wagon |
| 24:53 | Create | Hussite Wagon |
| 24:53 | Create | Hussite Wagon |
| 25:19 | Create | Villager (Male) |
| 25:19 | Create | Villager (Male) |
| 25:20 | Create | Villager (Male) |
| 25:20 | Create | Villager (Male) |
| 26:07 | Create | Villager (Male) |
| 26:07 | Create | Villager (Male) |
| 26:08 | Create | Villager (Male) |
| 26:11 | Build | Farm |
| 26:11 | Build | Farm |
| 26:12 | Build | Farm |
| 26:12 | Build | Farm |
| 26:12 | Build | Farm |
| 26:16 | Build | Farm |
| 26:18 | Build | Farm |
| 26:18 | Build | Farm |
| 26:19 | Build | Farm |
| 26:19 | Build | Farm |
| 26:21 | Create | Villager (Male) |
| 26:22 | Create | Villager (Male) |
| 26:22 | Create | Villager (Male) |
| 26:24 | Research | Heavy Plow |
| 26:31 | Create | Hussite Wagon |
| 26:31 | Create | Hussite Wagon |
| 27:04 | Create | Villager (Male) |
| 27:05 | Create | Villager (Male) |
| 27:05 | Create | Villager (Male) |
| 27:18 | Build | Farm |
| 27:18 | Build | Farm |
| 27:20 | Build | Farm |
| 27:20 | Build | Farm |
| 27:20 | Build | Farm |
| 27:21 | Build | Farm |
| 27:21 | Build | Farm |
| 27:24 | Research | Wheelbarrow |
| 27:24 | Create | Villager (Male) |
| 28:05 | Build | University |
| 28:51 | Create | Hussite Wagon |
| 28:51 | Create | Hussite Wagon |
| 28:52 | Create | Hussite Wagon |
| 29:48 | Create | Villager (Male) |
| 29:48 | Create | Villager (Male) |
| 29:48 | Create | Villager (Male) |
| 29:53 | Research | Chemistry |
| 30:18 | Build | Farm |
| 30:18 | Build | Farm |
| 30:19 | Build | Farm |
| 30:19 | Build | Farm |
| 30:23 | Build | Archery Range |
| 30:25 | Build | Archery Range |
| 30:44 | Research | Fervor |
| 30:51 | Create | Hussite Wagon |
| 30:52 | Create | Hussite Wagon |
| 30:59 | Research | Wagenburg Tactics |
| 31:07 | Create | Villager (Male) |
| 31:07 | Create | Villager (Male) |
| 31:08 | Create | Villager (Male) |
| 31:23 | Build | Farm |
| 31:24 | Build | Farm |
| 31:24 | Build | Farm |
| 31:24 | Build | Farm |
| 31:24 | Build | Farm |
Build order — Bot LarryS
First 150 of 401 actions detected
| 0:01 | Create | Villager (Male) |
| 0:01 | Create | Villager (Male) |
| 0:01 | Create | Villager (Male) |
| 0:02 | Build | House |
| 0:03 | Build | House |
| 0:15 | Create | Villager (Male) |
| 1:38 | Create | Villager (Male) |
| 1:44 | Build | Lumber Camp |
| 1:55 | Create | Villager (Male) |
| 2:21 | Create | Villager (Male) |
| 2:22 | Create | Villager (Male) |
| 2:51 | Create | Villager (Male) |
| 3:00 | Create | Villager (Male) |
| 3:36 | Create | Villager (Male) |
| 3:48 | Build | House |
| 4:04 | Create | Villager (Male) |
| 4:35 | Create | Villager (Male) |
| 4:56 | Create | Villager (Male) |
| 5:34 | Create | Villager (Male) |
| 5:34 | Create | Villager (Male) |
| 5:58 | Create | Villager (Male) |
| 6:26 | Build | House |
| 6:28 | Build | Mill |
| 6:31 | Research | Loom |
| 6:33 | Create | Villager (Male) |
| 7:01 | Create | Villager (Male) |
| 7:43 | Create | Villager (Male) |
| 7:51 | Build | Mining Camp |
| 8:02 | Create | Villager (Male) |
| 8:23 | Create | Villager (Male) |
| 8:29 | Research | Feudal Age |
| 8:53 | Build | House |
| 9:38 | Create | Villager (Male) |
| 9:39 | Create | Villager (Male) |
| 10:47 | Age | Feudal Age |
| 10:50 | Build | Market |
| 10:55 | Build | Blacksmith |
| 11:00 | Build | House |
| 11:02 | Create | Villager (Male) |
| 11:32 | Create | Villager (Male) |
| 11:49 | Research | Castle Age |
| 11:50 | Research | Castle Age |
| 12:00 | Research | Double-Bit Axe |
| 12:05 | Research | Horse Collar |
| 12:19 | Create | Villager (Male) |
| 13:28 | Research | Gold Mining |
| 13:37 | Research | Stone Mining |
| 14:29 | Age | Castle Age |
| 14:31 | Build | Town Center |
| 14:37 | Build | Town Center |
| 14:43 | Build | Farm |
| 14:49 | Build | Farm |
| 14:53 | Create | Villager (Male) |
| 15:17 | Create | Villager (Male) |
| 15:20 | Create | Villager (Male) |
| 15:26 | Build | Farm |
| 15:43 | Build | Farm |
| 15:47 | Build | Farm |
| 15:53 | Create | Villager (Male) |
| 15:54 | Create | Villager (Male) |
| 16:00 | Build | Farm |
| 16:04 | Build | Farm |
| 16:07 | Create | Villager (Male) |
| 16:17 | Build | Farm |
| 16:19 | Build | Farm |
| 16:33 | Build | Farm |
| 16:37 | Build | Farm |
| 16:38 | Create | Villager (Male) |
| 16:46 | Build | Farm |
| 16:48 | Build | Farm |
| 16:57 | Build | Farm |
| 16:58 | Create | Villager (Male) |
| 17:10 | Create | Villager (Male) |
| 17:18 | Build | Farm |
| 17:23 | Build | Farm |
| 17:25 | Build | Farm |
| 17:31 | Create | Villager (Male) |
| 17:38 | Build | Farm |
| 17:39 | Create | Villager (Male) |
| 17:46 | Build | Farm |
| 17:58 | Build | Farm |
| 17:59 | Create | Villager (Male) |
| 18:02 | Create | Villager (Male) |
| 18:09 | Create | Villager (Male) |
| 18:11 | Create | Villager (Male) |
| 18:17 | Build | Farm |
| 18:25 | Create | Villager (Male) |
| 18:35 | Create | Villager (Male) |
| 18:35 | Create | Villager (Male) |
| 18:43 | Create | Villager (Male) |
| 18:49 | Build | Siege Workshop |
| 18:58 | Create | Villager (Male) |
| 19:01 | Create | Villager (Male) |
| 19:12 | Build | House |
| 19:13 | Build | House |
| 19:14 | Build | House |
| 19:23 | Research | Town Watch |
| 19:30 | Build | Farm |
| 19:30 | Build | Farm |
| 19:34 | Build | Farm |
| 19:37 | Build | Farm |
| 19:41 | Create | Villager (Male) |
| 19:43 | Create | Villager (Male) |
| 20:01 | Research | Bow Saw |
| 20:13 | Create | Villager (Male) |
| 20:14 | Create | Villager (Male) |
| 20:15 | Create | Villager (Male) |
| 20:29 | Create | Villager (Male) |
| 20:30 | Create | Villager (Male) |
| 20:31 | Create | Villager (Male) |
| 20:39 | Build | Siege Workshop |
| 20:44 | Create | Villager (Male) |
| 20:45 | Create | Villager (Male) |
| 20:48 | Create | Villager (Male) |
| 20:52 | Build | Monastery |
| 21:01 | Create | Villager (Male) |
| 21:10 | Build | Mining Camp |
| 21:18 | Create | Villager (Male) |
| 21:39 | Build | University |
| 21:45 | Create | Villager (Male) |
| 21:46 | Create | Villager (Male) |
| 21:49 | Create | Villager (Male) |
| 21:50 | Create | Villager (Male) |
| 21:51 | Create | Monk |
| 21:51 | Create | Monk |
| 21:55 | Build | House |
| 21:56 | Build | House |
| 21:57 | Build | House |
| 22:22 | Create | Villager (Male) |
| 22:23 | Create | Villager (Male) |
| 22:23 | Create | Villager (Male) |
| 22:33 | Create | Villager (Male) |
| 22:39 | Create | Scorpion |
| 22:39 | Create | Scorpion |
| 22:42 | Create | Villager (Male) |
| 22:43 | Create | Villager (Male) |
| 22:44 | Create | Villager (Male) |
| 22:54 | Build | Mining Camp |
| 23:01 | Research | Heavy Plow |
| 23:08 | Create | Mangonel |
| 23:08 | Create | Mangonel |
| 23:34 | Create | Villager (Male) |
| 23:35 | Create | Villager (Male) |
| 23:36 | Create | Villager (Male) |
| 23:48 | Build | Mill |
| 24:26 | Create | Mangonel |
| 24:26 | Create | Mangonel |
| 24:27 | Create | Mangonel |
| 24:50 | Create | Villager (Male) |
| 24:50 | Create | Villager (Male) |
Build order — frederic11
First 150 of 307 actions detected
| 0:01 | Create | Villager (Male) |
| 0:02 | Create | Villager (Male) |
| 0:02 | Create | Villager (Male) |
| 0:02 | Create | Villager (Male) |
| 0:02 | Create | Villager (Male) |
| 0:06 | Build | House |
| 0:08 | Build | House |
| 0:32 | Build | Mill |
| 1:45 | Create | Villager (Male) |
| 2:13 | Create | Villager (Male) |
| 2:37 | Create | Villager (Male) |
| 2:45 | Create | Villager (Male) |
| 3:43 | Create | Villager (Male) |
| 3:44 | Create | Villager (Male) |
| 3:45 | Create | Villager (Male) |
| 3:55 | Build | Lumber Camp |
| 4:14 | Create | Villager (Male) |
| 4:22 | Build | House |
| 4:43 | Create | Villager (Male) |
| 5:04 | Create | Villager (Male) |
| 5:47 | Create | Villager (Male) |
| 6:15 | Create | Villager (Male) |
| 6:45 | Build | House |
| 6:57 | Create | Villager (Male) |
| 7:05 | Research | Loom |
| 7:08 | Create | Villager (Male) |
| 7:17 | Build | House |
| 7:25 | Create | Villager (Male) |
| 7:44 | Create | Villager (Male) |
| 7:50 | Research | Feudal Age |
| 8:03 | Build | Mining Camp |
| 8:41 | Build | House |
| 8:57 | Create | Villager (Male) |
| 8:57 | Create | Villager (Male) |
| 8:59 | Create | Villager (Male) |
| 10:05 | Age | Feudal Age |
| 10:22 | Build | Market |
| 10:44 | Build | Blacksmith |
| 11:02 | Build | Farm |
| 11:07 | Create | Villager (Male) |
| 11:28 | Build | Farm |
| 11:34 | Build | Farm |
| 11:54 | Build | Farm |
| 12:00 | Build | Farm |
| 12:16 | Build | Farm |
| 12:17 | Build | Farm |
| 12:21 | Create | Villager (Male) |
| 12:54 | Build | Farm |
| 12:57 | Create | Villager (Male) |
| 13:30 | Build | Farm |
| 13:32 | Create | Villager (Male) |
| 14:05 | Build | Farm |
| 14:13 | Research | Castle Age |
| 14:30 | Build | House |
| 14:32 | Build | House |
| 15:05 | Research | Horse Collar |
| 15:10 | Research | Double-Bit Axe |
| 15:19 | Research | Gold Mining |
| 15:35 | Build | House |
| 16:31 | Create | Villager (Male) |
| 16:31 | Create | Villager (Male) |
| 16:53 | Age | Castle Age |
| 16:58 | Build | Town Center |
| 17:01 | Create | Villager (Male) |
| 17:16 | Build | Outpost |
| 17:26 | Create | Villager (Male) |
| 17:37 | Build | Farm |
| 17:54 | Build | Siege Workshop |
| 18:21 | Create | Villager (Male) |
| 18:34 | Build | Mining Camp |
| 18:40 | Create | Villager (Male) |
| 18:45 | Create | Armored Elephant |
| 19:02 | Build | Barracks |
| 19:07 | Create | Villager (Male) |
| 19:14 | Create | Villager (Male) |
| 19:20 | Create | Armored Elephant |
| 19:32 | Create | Villager (Male) |
| 19:32 | Create | Villager (Male) |
| 19:53 | Build | Town Center |
| 19:58 | Create | Armored Elephant |
| 20:25 | Build | Stable |
| 20:34 | Create | Villager (Male) |
| 20:34 | Create | Villager (Male) |
| 20:35 | Create | Villager (Male) |
| 20:35 | Create | Villager (Male) |
| 20:53 | Build | Farm |
| 20:55 | Build | Farm |
| 21:00 | Create | Armored Elephant |
| 21:19 | Create | Villager (Male) |
| 21:20 | Create | Villager (Male) |
| 21:20 | Create | Villager (Male) |
| 21:22 | Create | Villager (Male) |
| 21:32 | Build | House |
| 21:33 | Build | House |
| 21:34 | Build | House |
| 21:36 | Build | House |
| 21:53 | Create | Armored Elephant |
| 22:07 | Build | Mining Camp |
| 22:30 | Create | Scorpion |
| 22:30 | Create | Scorpion |
| 22:50 | Create | Shrivamsha Rider |
| 22:50 | Create | Shrivamsha Rider |
| 22:58 | Create | Villager (Male) |
| 22:58 | Create | Villager (Male) |
| 23:00 | Create | Villager (Male) |
| 23:33 | Create | Scorpion |
| 24:42 | Create | Shrivamsha Rider |
| 24:42 | Create | Shrivamsha Rider |
| 24:42 | Create | Shrivamsha Rider |
| 25:08 | Create | Armored Elephant |
| 26:15 | Create | Villager (Male) |
| 26:15 | Create | Villager (Male) |
| 26:15 | Create | Villager (Male) |
| 26:16 | Create | Villager (Male) |
| 26:17 | Create | Villager (Male) |
| 26:24 | Build | Farm |
| 26:25 | Build | Farm |
| 26:26 | Build | Farm |
| 26:27 | Build | Farm |
| 26:35 | Build | Farm |
| 26:36 | Build | Farm |
| 26:37 | Build | Farm |
| 26:38 | Build | Farm |
| 27:03 | Create | Armored Elephant |
| 27:50 | Create | Shrivamsha Rider |
| 27:50 | Create | Shrivamsha Rider |
| 28:25 | Build | Siege Workshop |
| 29:32 | Create | Villager (Male) |
| 29:32 | Create | Villager (Male) |
| 29:32 | Create | Villager (Male) |
| 29:43 | Build | University |
| 29:51 | Build | Monastery |
| 29:56 | Create | Villager (Male) |
| 29:56 | Create | Villager (Male) |
| 29:56 | Create | Villager (Male) |
| 29:56 | Create | Villager (Male) |
| 29:57 | Create | Villager (Male) |
| 30:04 | Create | Armored Elephant |
| 30:07 | Create | Shrivamsha Rider |
| 30:07 | Create | Shrivamsha Rider |
| 30:40 | Create | Shrivamsha Rider |
| 31:09 | Research | Imperial Age |
| 31:16 | Build | Farm |
| 31:36 | Build | Stable |
| 31:45 | Research | Scale Barding Armor |
| 31:52 | Build | House |
| 31:54 | Build | House |
| 31:55 | Build | House |
| 32:02 | Research | Husbandry |
| 32:03 | Create | Shrivamsha Rider |
Build order — Bottm
First 150 of 367 actions detected
| 0:02 | Build | House |
| 0:04 | Build | House |
| 0:04 | Create | Villager (Male) |
| 0:05 | Create | Villager (Male) |
| 0:05 | Create | Villager (Male) |
| 0:05 | Create | Villager (Male) |
| 1:33 | Create | Villager (Male) |
| 1:48 | Build | Lumber Camp |
| 2:03 | Create | Villager (Male) |
| 2:30 | Create | Villager (Male) |
| 2:39 | Build | House |
| 2:58 | Create | Villager (Male) |
| 3:32 | Create | Villager (Male) |
| 4:03 | Create | Villager (Male) |
| 4:03 | Create | Villager (Male) |
| 4:06 | Create | Villager (Male) |
| 4:34 | Build | Mill |
| 5:43 | Create | Villager (Male) |
| 5:44 | Create | Villager (Male) |
| 6:15 | Build | Mining Camp |
| 6:25 | Create | Villager (Male) |
| 6:36 | Create | Villager (Male) |
| 6:50 | Create | Villager (Male) |
| 7:05 | Build | House |
| 7:26 | Create | Villager (Male) |
| 8:39 | Create | Villager (Male) |
| 8:41 | Research | Feudal Age |
| 9:41 | Create | Villager (Male) |
| 10:01 | Create | Villager (Male) |
| 10:02 | Create | Villager (Male) |
| 10:51 | Age | Feudal Age |
| 11:32 | Create | Villager (Male) |
| 11:38 | Build | House |
| 11:44 | Research | Double-Bit Axe |
| 11:48 | Research | Horse Collar |
| 12:19 | Create | Villager (Male) |
| 12:33 | Build | Farm |
| 12:34 | Build | Farm |
| 12:38 | Build | Farm |
| 13:20 | Create | Villager (Male) |
| 13:21 | Create | Villager (Male) |
| 13:22 | Create | Villager (Male) |
| 13:28 | Build | House |
| 13:50 | Build | Mining Camp |
| 13:53 | Create | Villager (Male) |
| 14:44 | Create | Villager (Male) |
| 14:57 | Create | Villager (Male) |
| 15:05 | Create | Villager (Male) |
| 15:06 | Create | Villager (Male) |
| 15:27 | Build | Market |
| 15:32 | Build | Blacksmith |
| 15:39 | Build | Farm |
| 15:39 | Build | Farm |
| 15:44 | Build | Farm |
| 16:35 | Research | Castle Age |
| 17:19 | Create | Villager (Male) |
| 17:19 | Create | Villager (Male) |
| 17:24 | Build | House |
| 19:20 | Age | Castle Age |
| 19:34 | Build | Castle |
| 19:39 | Create | Villager (Male) |
| 20:01 | Create | Villager (Male) |
| 20:38 | Research | Gold Mining |
| 20:42 | Create | Villager (Male) |
| 20:43 | Create | Villager (Male) |
| 20:52 | Build | Town Center |
| 21:21 | Build | Town Center |
| 21:38 | Build | Town Center |
| 21:45 | Research | Bow Saw |
| 21:47 | Create | Villager (Male) |
| 21:47 | Create | Villager (Male) |
| 21:51 | Build | Farm |
| 22:15 | Create | Villager (Male) |
| 22:16 | Create | Villager (Male) |
| 22:41 | Create | Villager (Male) |
| 23:10 | Build | Farm |
| 23:10 | Build | Farm |
| 23:10 | Build | Farm |
| 23:11 | Build | Farm |
| 23:12 | Build | Farm |
| 23:13 | Build | Farm |
| 23:15 | Create | Villager (Male) |
| 23:16 | Create | Villager (Male) |
| 23:16 | Create | Villager (Male) |
| 23:31 | Build | Farm |
| 23:31 | Build | Farm |
| 23:31 | Build | Farm |
| 23:51 | Build | Farm |
| 23:52 | Create | Teutonic Knight |
| 23:52 | Create | Teutonic Knight |
| 24:03 | Create | Teutonic Knight |
| 24:03 | Create | Teutonic Knight |
| 24:04 | Create | Teutonic Knight |
| 24:04 | Create | Teutonic Knight |
| 24:04 | Create | Teutonic Knight |
| 24:04 | Create | Teutonic Knight |
| 24:21 | Build | Farm |
| 24:21 | Build | Farm |
| 24:27 | Research | Forging |
| 24:27 | Research | Forging |
| 24:45 | Create | Teutonic Knight |
| 25:28 | Create | Villager (Male) |
| 25:28 | Create | Villager (Male) |
| 25:29 | Create | Villager (Male) |
| 25:39 | Create | Teutonic Knight |
| 25:39 | Create | Teutonic Knight |
| 25:40 | Create | Teutonic Knight |
| 25:40 | Create | Teutonic Knight |
| 25:47 | Create | Villager (Male) |
| 25:54 | Build | Farm |
| 25:58 | Build | Farm |
| 26:41 | Research | Iron Casting |
| 26:46 | Build | Farm |
| 26:49 | Build | Farm |
| 26:50 | Build | Farm |
| 28:07 | Create | Teutonic Knight |
| 28:07 | Create | Teutonic Knight |
| 28:08 | Create | Teutonic Knight |
| 28:08 | Create | Teutonic Knight |
| 28:08 | Create | Teutonic Knight |
| 30:09 | Create | Villager (Male) |
| 30:09 | Create | Villager (Male) |
| 30:09 | Create | Villager (Male) |
| 30:09 | Create | Villager (Male) |
| 30:10 | Create | Villager (Male) |
| 30:10 | Create | Villager (Male) |
| 30:13 | Create | Villager (Male) |
| 30:13 | Create | Villager (Male) |
| 30:13 | Create | Villager (Male) |
| 30:14 | Create | Villager (Male) |
| 30:14 | Create | Villager (Male) |
| 30:17 | Create | Villager (Male) |
| 30:17 | Create | Villager (Male) |
| 30:17 | Create | Villager (Male) |
| 30:18 | Create | Villager (Male) |
| 30:45 | Create | Villager (Male) |
| 30:46 | Create | Villager (Male) |
| 30:46 | Create | Villager (Male) |
| 31:01 | Research | Imperial Age |
| 31:15 | Build | House |
| 31:15 | Build | House |
| 31:47 | Create | Villager (Male) |
| 31:48 | Create | Villager (Male) |
| 31:48 | Create | Villager (Male) |
| 31:48 | Create | Villager (Male) |
| 31:50 | Create | Villager (Male) |
| 31:51 | Create | Villager (Male) |
| 31:51 | Create | Villager (Male) |
| 32:13 | Research | Stone Mining |
| 32:20 | Build | Castle |
Match timeline
| 10:05 | frederic11 · age_up feudal |
| 10:47 | Bot LarryS · age_up feudal |
| 10:51 | Bottm · age_up feudal |
| 11:16 | l'entourloupe · age_up feudal |
| 14:09 | frederic11 · first_market_buy 100 food |
| 14:29 | Bot LarryS · age_up castle |
| 15:02 | l'entourloupe · age_up castle |
| 15:45 | l'entourloupe · first_building Barracks |
| 15:52 | Bot LarryS · first_market_buy 100 food |
| 16:34 | l'entourloupe · first_building Castle |
| 16:53 | frederic11 · age_up castle |
| 17:54 | frederic11 · first_building Siege Workshop |
| 18:49 | Bot LarryS · first_building Siege Workshop |
| 19:02 | frederic11 · first_building Barracks |
| 19:20 | Bottm · age_up castle |
| 19:34 | Bottm · first_building Castle |
| 20:25 | frederic11 · first_building Stable |
| 20:42 | l'entourloupe · first_building Monastery |
| 20:52 | Bot LarryS · first_building Monastery |
| 21:11 | Bottm · first_market_buy 100 stone |
| 23:58 | Bottm · first_market_sell 100 wood |
| 29:51 | frederic11 · first_building Monastery |
| 29:52 | Bot LarryS · first_market_sell 100 wood |
| 30:23 | l'entourloupe · first_building Archery Range |
| 31:25 | Bottm · tribute_sent a jugador 1 |
| 31:25 | Bottm · tribute_sent a jugador 2 |
| 31:25 | Bottm · tribute_sent a jugador 4 |
| 34:11 | Bottm · age_up imperial |
| 34:19 | frederic11 · age_up imperial |
| 34:28 | frederic11 · first_building Castle |
| 36:07 | Bot LarryS · first_building Castle |
| 36:18 | l'entourloupe · first_building Siege Workshop |
| 36:25 | Bot LarryS · wall_segment Stone Wall x9 |
| 36:27 | Bot LarryS · wall_segment Stone Wall x12 |
| 36:30 | Bot LarryS · wall_segment Stone Wall x6 |
| 36:33 | Bot LarryS · wall_segment Stone Wall x7 |
| 36:55 | Bot LarryS · age_up imperial |
| 37:20 | Bottm · first_building Barracks |
| 38:14 | l'entourloupe · age_up imperial |
| 38:15 | Bottm · first_building Stable |
| 39:04 | frederic11 · first_building Archery Range |
| 44:39 | Bot LarryS · tribute_sent a jugador 2 |
| 44:39 | Bot LarryS · tribute_sent a jugador 3 |
| 44:39 | Bot LarryS · tribute_sent a jugador 4 |
| 44:54 | Bot LarryS · wall_segment Stone Wall x11 |
| 44:56 | Bot LarryS · wall_segment Stone Wall x5 |
| 52:39 | l'entourloupe · first_market_buy 100 wood |
| 52:41 | Bot LarryS · wall_segment Stone Wall x5 |
| 52:53 | frederic11 · tribute_sent a jugador 1 |
| 52:53 | frederic11 · tribute_sent a jugador 3 |
| 52:53 | frederic11 · tribute_sent a jugador 4 |
| 53:47 | Bottm · resign |
[ AI ANALYSIS · 1 CREDIT ]
What really happened in this match?
Wolo.gg analyzes every decision: build order, eco, micro, common mistakes by bracket. Personalized analysis on WhatsApp or Discord in 30 seconds.
Civ guide
Bohemians
Perfil
Jugador #24554449